 Dungeon Crawl Stone Soup version 0.29-a0-620-g13ace881f2 (webtiles) character file.

Game seed: 7421803495321263582

367 Patoropollo the Agent of Entropy (level 6, -1/48 HPs)
             Began as a Demonspawn Abyssal Knight on June 19, 2022.
             Was a Priest of Lugonu.
             Slain by a gnoll
             ... wielding a +0 flail
             ... led by a gnoll shaman
              (6 damage)
             ... on level 5 of the Dungeon.
             The game lasted 00:10:44 (4477 turns).

Patoropollo the Agent of Entropy (DsAK)             Turns: 4477, Time: 00:10:45

Health: -1/48      AC: 11    Str: 15    XL:     6   Next: 41%
Magic:  9/9        EV:  6    Int: 11    God:    Lugonu [***...]
Gold:   269        SH:  0    Dex: 14    Spells: 5/5 levels left

rFire   . . .      SeeInvis .   a - +2 mace
rCold   + . .      Faith    .   (no shield)
rNeg    . . .      Spirit   .   n - +0 plate armour
rPois   .          Reflect  .   (helmet restricted)
rElec   .          Harm     +   t - scarf {harm}
rCorr   .          Rampage  .   (no gloves)
Will    .....                   (no boots)
Stlth   ..........              (no amulet)
HPRegen 0.00/turn               s - ring of protection from cold
MPRegen 0.22/turn               (no ring)

@: inhibited regen, unable to read
A: claws 1, demonic guardian 1, magic regeneration, horns 1, inhibited
regeneration, inability to read while threatened, MP-powered wands, sturdy frame
1
a: Renounce Religion, Depart the Abyss, Bend Space, Banish


You were on level 5 of the Dungeon.
You worshipped Lugonu.
Lugonu was most pleased with you.
You visited 1 branch of the dungeon, and saw 5 of its levels.
You visited the Abyss 1 time.

You collected 311 gold pieces.
You spent 42 gold pieces at shops.

Inventory:

Hand Weapons
 a - a +2 mace (weapon)
Missiles
 b - 2 javelins (quivered)
Armour
 n - a +0 plate armour (worn)
 t - a scarf of harm (worn)
Jewellery
 s - a ring of protection from cold (left claw)
Wands
 m - a wand of iceblast (8)
Scrolls
 c - 2 scrolls of noise
 i - 2 scrolls of magic mapping
 j - a scroll of teleportation
Potions
 d - a potion of haste
 k - a potion of degeneration {unknown}
 l - a potion of brilliance
 o - a potion of curing
 r - a potion of resistance {unknown}
 v - a potion of ambrosia
 w - a potion of invisibility {unknown}


   Skills:
 + Level 4.1 Fighting
 + Level 3.2 Maces & Flails
 + Level 3.1 Armour
 + Level 2.6 Dodging
 + Level 4.5 Invocations


You had 5 spell levels left.
You didn't know any spells.
Your spell library contained the following spells:

 Spells                   Type           Power      Damage    Failure   Level
 Ozocubu's Armour         Ice            0%         N/A       100%        3
 Ozocubu's Refrigeration  Ice            0%         4d5       100%        7


Dungeon Overview and Level Annotations

Branches:
Dungeon (5/15)
 Temple: D:4-7

Altars:
Elyvilon

Shops:
D:1 :*   D:4 ?


Innate Abilities, Weirdness & Mutations

You have sharp fingernails.
A weak demonic guardian rushes to your aid.
You regenerate magic rapidly.
You have a pair of small horns on your head.
You do not regenerate when monsters are visible.
You sometimes lose the ability to read scrolls when taking damage.
You expend magic power (3 MP) to strengthen your wands.
Your movements are slightly less encumbered by armour. (ER -2)


Message History

You hit the gnoll.
The gnoll is severely wounded.
The gnoll hits you but does no damage. The gnoll barely misses you.
You barely miss the gnoll.
You headbutt the gnoll, but do no damage.
The gnoll is severely wounded.
The gnoll hits you but does no damage. The gnoll hits you with a +0 spear.
* * * LOW HITPOINT WARNING * * *
A demonic guardian appears!
You hit the gnoll.
The gnoll is severely wounded.
The gnoll hits you but does no damage. x2
You sock the gnoll!
You kill the gnoll!
Lugonu accepts your kill. The gnoll hits you with a +0 flail.
* * * LOW HITPOINT WARNING * * *
You hit the gnoll. Your headbutt misses the gnoll.
The gnoll is lightly wounded.
The gnoll hits you but does no damage.
You sock the gnoll!
The gnoll is almost dead.
You can read scrolls again.
The gnoll hits you with a +0 flail.
* * * LOW HITPOINT WARNING * * *
You swap places.
The gnoll barely misses your white imp.
Your white imp gestures at the gnoll.
The puff of frost hits the gnoll!
The gnoll dies!
Lugonu accepts your kill.
Unknown command.
Your white imp closely misses the gnoll.
The gnoll barely misses your white imp.
Your white imp hits the gnoll.
Your white imp freezes the gnoll.
The gnoll hits your white imp with a +0 flail!
Your white imp dies!
Your white imp disappears in a puff of smoke!
The gnoll hits you with a +0 flail.
You feel threatened and lose the ability to read scrolls!
You die...

### ###
#<#######.#
#.##......#
#.##.####.#
#....# #†#
#########.###
#........#
#@####.#.#
#g# #.#.# #g#
#.#.# #.#
#.#.# #.#
#.#.# #..
..#.# ...
###.# ##. .#


You could see 2 gnolls.

Vanquished Creatures
  A hound (D:4)
  An iguana (D:4)
  An orc wizard (D:3)
  7 adders
  3 gnolls
  A worm (D:3)
  5 dart slugs
  2 orcs (D:3)
  5 ball pythons
  3 bats
  3 endoplasms
  3 giant cockroaches
  6 goblins
  5 hobgoblins
  4 jackals (D:2)
  5 quokkas
  2 frilled lizards
  3 kobolds
  3 rats
63 creatures vanquished.

Vanquished Creatures (collateral kills)
  A phantom (D:4)
  A gnoll shaman (D:5)
  A gnoll (D:5)
  2 orcs (D:4)
5 creatures vanquished.

Grand Total: 68 creatures vanquished

Notes
Turn   | Place    | Note
-------+----------+-------------------------------------------
     0 | Abyss:1  | Patoropollo the Demonspawn Abyssal Knight began the quest
                  | for the Orb.
     0 | Abyss:1  | Reached XP level 1. HP: 18/18 MP: 2/2
    36 | D:1      | Escaped the Abyss
   111 | D:1      | Found Hioco's Book Shop.
   200 | D:1      | Reached skill level 1 in Dodging
   269 | D:1      | Gained mutation: A weak demonic guardian rushes to your
                  | aid. [demonic ancestry]
   269 | D:1      | Reached XP level 2. HP: 23/24 MP: 4/4
   348 | D:1      | Found Keohok's General Store.
   638 | D:1      | Gained mutation: You have sharp fingernails. [demonic
                  | ancestry]
   638 | D:1      | Reached XP level 3. HP: 29/29 MP: 5/5
  1744 | D:2      | Reached XP level 4. HP: 35/35 MP: 6/6
  1888 | D:2      | Reached *** piety under Lugonu
  2028 | D:2      | Found a faded altar of an unknown god.
  2926 | D:3      | Reached XP level 5. HP: 31/42 MP: 7/7
  3192 | D:4      | Found Veupsiho's Magic Scroll Boutique.
  3239 | D:4      | Bought a scroll of magic mapping for 42 gold pieces
  4313 | D:5      | Entered Level 5 of the Dungeon
  4317 | D:5      | Noticed an ogre
  4319 | D:5      | Noticed a phantom
  4320 | D:5      | Noticed a water moccasin
  4336 | D:4      | Gained mutation: You sometimes lose the ability to read
                  | scrolls when taking damage. [potion of mutation]
  4336 | D:4      | Gained mutation: You have a pair of small antennae on your
                  | head. [potion of mutation]
  4336 | D:4      | Gained mutation: You are agile. (Dex +4, Int/Str-1) [potion
                  | of mutation]
  4336 | D:4      | HP: 2/42 [phantom (1)]
  4346 | D:4      | Killed a phantom
  4347 | D:4      | Gained mutation: You regenerate magic rapidly. [demonic
                  | ancestry]
  4347 | D:4      | Reached XP level 6. HP: 42/48 MP: 9/9
  4350 | D:4      | Lost mutation: You have a pair of small antennae on your
                  | head. [potion of mutation]
  4350 | D:4      | Lost mutation: You are agile. (Dex +4, Int/Str-1) [potion
                  | of mutation]
  4350 | D:4      | Gained mutation: Your movements are slightly less
                  | encumbered by armour. (ER -2) [potion of mutation]
  4350 | D:4      | Gained mutation: You expend magic power (3 MP) to
                  | strengthen your wands. [potion of mutation]
  4350 | D:4      | Gained mutation: You do not regenerate when monsters are
                  | visible. [potion of mutation]
  4350 | D:4      | Gained mutation: You have a pair of small horns on your
                  | head. [potion of mutation]
  4477 | D:5      | Slain by a gnoll

Illustrated notes

Levels and vault maps discovered:
D:1:      eino_arrival_water_cross, layout_basic, serial_shops, shop,
          nicolae_shop_trees, amethyst_killhole
D:2:      minmay_chambers_of_ones, layout_basic,
          hellmonk_ecumenical_altar_leap_of_faith
D:3:      layout_basic, elyvilon_altar_4
D:4:      layout_layer_cave, serial_shops,
          nicolae_shop_temple_entry_statues_fountains
D:5:      layout_basic, minmay_manual_maat

Skill      XL: |  1  2  3  4  5 |
---------------+----------------+-----
Dodging        | 1 2 |  2.6
Maces & Flails | 2 3 |  3.2
Armour         | 2 3 |  3.1
Invocations    | 3 4 |  4.5
Fighting       | 4 |  4.1

Action                   |  1- 3 |  4- 6 || total
-------------------------+-------+-------++-------
Melee: Mace              |    91 |   145 ||   236
       Punch             |       |     1 ||     1
       Headbutt          |       |     3 ||     3
Invok: Bend Space        |       |     1 ||     1
  Use: Potion            |       |     5 ||     5
       Scroll            |       |     8 ||     8
Armor: Leather armour    |     3 |       ||     3
       Chain mail        |    58 |     2 ||    60
       Plate armour      |       |   135 ||   135
Dodge: Dodged            |    36 |    44 ||    80

Table legend: (Time is in decaauts)
 A = Elapsed time spent in this place.
 B = Non-inter-level travel time spent in this place.
 C = Inter-level travel time spent in this place.
 D = Time resting spent in this place.
 E = Time spent auto-exploring this place.
 F = Levels seen in this place.
 G = Mean time per level.
                   A        B        C        D        E       F      G
               +--------+--------+--------+--------+--------+-----+--------+
         Total |   4542 |   4361 |    181 |      0 |   3635 |   7 |  648.9 |
       Dungeon |   4506 |   4325 |    181 |      0 |   3613 |   5 |  901.2 |
         Abyss |     35 |     35 |      0 |      0 |     22 |   2 |   17.5 |
               +--------+--------+--------+--------+--------+-----+--------+

Top non-repeatable levels by time:
     D:4: 1221 daAuts
     D:3: 1148 daAuts
     D:1: 1075 daAuts
     D:2: 986 daAuts
     D:5: 74 daAuts
 Abyss:1: 20 daAuts
 Abyss:2: 15 daAuts
